[Event "Team 45 45 League T33"]
[Site "Internet Chess Club"]
[Date "2007.05.06"]
[Round "3"]
[White "StrayLite"]
[Black "NoiselessBear"]
[Result "1-0"]
[WhiteElo "1943"]
[BlackElo "1789"]
[ECO "C44"]
[TimeControl "2700+45"]

1. e4 e5 2. Nf3 Nc6 3. d4 exd4 4. Bc4 Be7 5. c3 Nf6 6. e5 Ne4 7. Bd5 Nc5 8. cxd4
Ne6 9. O-O O-O 10. Nc3 Nb4 11. Bb3 d6 12. a3 Na6 13. Qe2 c5 14. Be3 cxd4 15.
Nxd4 Nxd4 16. Bxd4 dxe5 17. Bxe5 Qb6 18. Bc2 Be6 19. Na4 Qd8 20. b4 g6 21. Rfd1
Qe8 22. Nc3 b5 23. Qxb5 Qxb5 24. Nxb5 Bc4 25. Nc3 Rac8 26. Rd7 Rfe8 27. b5 Bxa3
28. f4 Bc5+ 29. Kh1 Nb4 30. Be4 a6 31. bxa6 Be6 32. Rc7 Rxc7 33. Bxc7 Nxa6 34.
Rxa6 Bb4 35. Be5 Bxc3 36. Bxc3 Rc8 37. Ra8 {Black resigns} 1-0

[Event "Team 45 45 League T33"]
[Site "Internet Chess Club"]
[Date "2007.05.06"]
[Round "3"]
[White "room-matt"]
[Black "siddhu"]
[Result "1/2-1/2"]
[WhiteElo "1867"]
[BlackElo "1850"]
[ECO "C54"]
[TimeControl "2700+45"]

1. e4 e5 2. Nf3 Nc6 3. Bc4 Bc5 4. c3 Nf6 5. d4 exd4 6. O-O Nxe4 7. cxd4 d5 8.
dxc5 dxc4 9. Qe2 Qd3 10. Re1 f5 11. Nc3 Qxe2 12. Rxe2 O-O 13. Nxe4 fxe4 14. Rxe4
Bf5 15. Rxc4 Rae8 16. Be3 Ne5 17. Nxe5 Rxe5 18. Rd1 Be6 19. Ra4 a6 20. b3 Bf5
21. Rd2 Rf7 22. Rad4 h6 23. h3 Kh7 24. Rd5 Rfe7 25. Kf1 Kg6 26. g4 Rxd5 27. Rxd5
Bb1 28. a3 Bc2 29. b4 Ba4 30. Ke1 Bc6 31. Rd8 Re8 32. Rxe8 Bxe8 33. f4 h5 34.
f5+ Kf6 35. Bd4+ Kg5 36. f6 gxf6 37. h4+ Kxh4 38. gxh5 Kxh5 39. Bxf6 b6 40. cxb6
cxb6 41. Bd4 b5 {Game drawn by mutual agreement} 1/2-1/2

[Event "Team 45 45 League T33"]
[Site "Internet Chess Club"]
[Date "2007.05.03"]
[Round "3"]
[White "michaelus"]
[Black "burnsja2003"]
[Result "1-0"]
[WhiteElo "1752"]
[BlackElo "1703"]
[ECO "B45"]
[TimeControl "2700+45"]

1. e4 c5 2. Nf3 e6 3. d4 cxd4 4. Nxd4 Nc6 5. Nc3 d6 6. Be3 Nf6 7. f4 Be7 8. Qf3
O-O 9. O-O-O e5 10. Nxc6 bxc6 11. f5 Qa5 12. g4 Nd7 13. g5 Ba6 14. f6 gxf6 15.
gxf6 Nxf6 16. Rg1+ Kh8 17. Bg5 Qd8 18. Bxa6 Rb8 19. Rdf1 Nd7 20. Bh6 Rg8 21.
Qxf7 Bf6 22. Rxg8+ Qxg8 23. Rxf6 Qg1+ 24. Rf1 Qg4 25. Bc4 Qg6 26. Qxg6 hxg6 27.
Rf7 {Black resigns} 1-0

[Event "Team 45 45 League T33"]
[Site "Internet Chess Club"]
[Date "2007.05.06"]
[Round "3"]
[White "DocHoliday"]
[Black "cascarillo"]
[Result "0-1"]
[WhiteElo "1923"]
[BlackElo "2069"]
[ECO "A56"]
[TimeControl "2700+45"]

1. d4 Nf6 2. c4 c5 3. e3 e6 4. Nf3 d5 5. Nc3 cxd4 6. Nxd4 Bb4 7. Bd2 O-O 8. Qb3
Ba5 9. cxd5 Nxd5 10. Nxd5 Bxd2+ 11. Kxd2 exd5 12. Be2 Nc6 13. Qc3 Re8 14. Rhd1
Re4 15. Ke1 Bd7 16. Bf3 Re8 17. Bxd5 Qh4 18. Nf3 Qh5 19. Qc4 Be6 20. Bxe6 Rxe6
21. Qh4 Qb5 22. b3 Nb4 23. Nd4 Nd3+ 24. Rxd3 Qxd3 25. Nxe6 Qc3+ 26. Ke2 Qxa1 27.
Nd4 Qxa2+ 28. Kf3 Qa3 29. Qe4 Rb8 30. Qe5 Qf8 31. h4 Re8 32. Qa5 a6 33. g4 Qe7
34. Qf5 Qxh4 35. Qd7 Qe7 36. Qd5 Rd8 37. Nf5 Qd7 38. Qe4 Re8 39. Qc4 h5 40. Ke2
Rd8 41. Qd4 Qb5+ 42. Qc4 Qxc4+ 43. bxc4 hxg4 {White resigns} 0-1

[Event "Team 45 45 League T33"]
[Site "Internet Chess Club"]
[Date "2007.05.04"]
[Round "3"]
[White "Amauta"]
[Black "GrandPoobah069"]
[Result "1-0"]
[WhiteElo "1927"]
[BlackElo "1637"]
[ECO "B90"]
[TimeControl "2700+45"]

1. e4 c5 2. Nf3 d6 3. d4 cxd4 4. Nxd4 Nf6 5. Nc3 a6 6. a4 e5 7. Nf3 Be7 8. Bc4
Qc7 9. Bb3 Nbd7 10. Ng5 O-O 11. O-O Nc5 12. Nd5 Nxd5 13. Bxd5 Bd7 14. c4 Rac8
15. b4 Ne6 16. Nf3 Bc6 17. Be3 Kh8 18. a5 Qd7 19. Qd3 Bxd5 20. cxd5 Nc7 21. Rfc1
f5 22. Nd2 f4 23. Bb6 g5 24. f3 Rg8 25. Rc4 Qb5 26. Qc2 Nxd5 27. Rxc8 Nxb4 28.
Rxg8+ Kxg8 29. Qc8+ Kg7 30. Qxb7 Kf6 31. Qc8 Qd3 32. Qh8+ Kg6 33. Qg8+ Kf6 34.
Nf1 h6 35. h4 Nc2 36. h5 Bf8 37. Bd8+ {Black resigns} 1-0

[Event "Team 45 45 League T33"]
[Site "Internet Chess Club"]
[Date "2007.05.04"]
[Round "3"]
[White "charles-allen"]
[Black "makito"]
[Result "1-0"]
[WhiteElo "1692"]
[BlackElo "1766"]
[ECO "B21"]
[TimeControl "2700+45"]

1. e4 c5 2. d4 cxd4 3. c3 Nf6 4. e5 Nd5 5. Qxd4 e6 6. Nf3 Nc6 7. Qg4 d6 8. Bb5
Qc7 9. exd6 Qxd6 10. O-O Nf6 11. Qa4 Bd7 12. Rd1 Qc7 13. Bf4 e5 14. Bxe5 Nxe5
15. Nxe5 Rd8 16. Nxd7 Nxd7 17. Re1+ Be7 18. Qb4 O-O 19. Rxe7 Ne5 20. Rxc7 Rd1+
21. Bf1 Nc6 22. Qb3 {Black resigns} 1-0

[Event "Team 45 45 League T33"]
[Site "Internet Chess Club"]
[Date "2007.05.07"]
[Round "3"]
[White "Zornorph"]
[Black "Karpyan"]
[Result "1-0"]
[WhiteElo "1938"]
[BlackElo "1848"]
[ECO "A19"]
[TimeControl "2700+45"]

1. c4 Nf6 2. Nc3 e6 3. e4 c5 4. e5 Ng8 5. Nf3 d5 6. exd6 Bxd6 7. d4 cxd4 8. Nxd4
Bc5 9. Be3 Bxd4 10. Bxd4 Nf6 11. Bc5 Qxd1+ 12. Rxd1 b6 13. Ba3 Bb7 14. Nb5 Nbd7
15. Nd6+ Kd8 16. Nxb7+ Kc7 17. Nd6 Nc5 18. Be2 Rhd8 19. Nb5+ Kb7 20. Bxc5 {Black
resigns} 1-0

[Event "Team 45 45 League T33"]
[Site "Internet Chess Club"]
[Date "2007.05.05"]
[Round "3"]
[White "McKnights"]
[Black "kabindra"]
[Result "1-0"]
[WhiteElo "1842"]
[BlackElo "1723"]
[ECO "C47"]
[TimeControl "2700+45"]

1. e4 e5 2. Nf3 Nc6 3. Nc3 Nf6 4. d4 exd4 5. Nxd4 Nxd4 6. Qxd4 d6 7. Bd3 Be7 8.
O-O O-O 9. Re1 Be6 10. f4 Ng4 11. f5 c5 12. Qa4 Qb6 13. Qb5 Bc8 14. Nd5 Qd8 15.
Be2 Ne5 16. Bf4 Nc6 17. c3 Bg5 18. Bg3 Ne7 19. Rad1 Nxd5 20. Rxd5 Be3+ 21. Kh1
Qg5 22. Rf1 b6 23. Rxd6 Bb7 24. Qd3 Rad8 25. e5 Rxd6 26. exd6 Rd8 27. Bf3 Bc8
28. Bc6 Bd7 29. Bxd7 Rxd7 30. Qe4 Rd8 31. Re1 {Black resigns} 1-0

[Event "Team 45 45 League T33"]
[Site "Internet Chess Club"]
[Date "2007.05.06"]
[Round "3"]
[White "jaybird"]
[Black "SATELLITE-DAN"]
[Result "1-0"]
[WhiteElo "1751"]
[BlackElo "1612"]
[ECO "A22"]
[TimeControl "2700+45"]

1. c4 e5 2. Nc3 Nf6 3. g3 Bb4 4. Bg2 O-O 5. e3 Nc6 6. Nge2 d6 7. O-O Be6 8. Nd5
Bxd5 9. cxd5 Ne7 10. e4 Bc5 11. d4 exd4 12. Nxd4 h6 13. a3 Ng6 14. Nb3 Bb6 15.
Nd2 Re8 16. Qc2 Ng4 17. Nc4 Bd4 18. h3 N4e5 19. Nxe5 Bxe5 20. Be3 Rc8 21. Rae1
c6 22. Qd3 c5 23. f4 Bxb2 24. Rb1 c4 25. Qc2 c3 26. Bc1 Qb6+ 27. Kh2 Qa5 28.
Bxb2 cxb2 29. Qxb2 Rc3 30. Rf3 Rc7 31. Rb3 b6 32. Rb5 Qa6 33. Qb4 Rc5 34. Rb2 h5
35. h4 Qc8 36. Qa4 Qg4 37. Rxc5 {Black resigns} 1-0

[Event "Team 45 45 League T33"]
[Site "Internet Chess Club"]
[Date "2007.05.06"]
[Round "3"]
[White "Lionskins"]
[Black "b-spot"]
[Result "1/2-1/2"]
[WhiteElo "1603"]
[BlackElo "1586"]
[ECO "A00"]
[TimeControl "2700+45"]

1. b4 e5 2. Bb2 f6 3. a3 b6 4. e3 Bb7 5. c4 d5 6. Nf3 Bd6 7. Nh4 g6 8. Qc2 Qe7
9. cxd5 Bxd5 10. Nc3 Bb7 11. Qa4+ Nd7 12. Bb5 a6 13. Bd3 f5 14. Nf3 e4 15. Nxe4
fxe4 16. Bxh8 exf3 17. g3 Nf6 18. Qc2 O-O-O 19. Bxf6 Nxf6 20. Qb3 Qd7 21. a4 Be5
22. Ra3 Kb8 23. Qc2 Bd6 24. Qc4 Qc6 25. Qxc6 Bxc6 26. Bxa6 Bxb4 27. Ra2 Ne4 28.
O-O Bxd2 29. Rd1 Ka7 30. Bb5 Bb7 31. Bf1 Rd6 32. Rb2 Bc6 33. Bb5 Bxb5 34. axb5
Ba5 35. Rxd6 Nxd6 36. h4 Kb7 37. Kh2 Bc3 38. Rb3 Be1 39. Rb2 c5 40. bxc6+ Kxc6
41. Kh3 Ne4 42. Kg4 Bxf2 43. Kxf3 Nxg3 44. Rxf2 Nf5 45. Rh2 b5 46. Kf4 Kc5 47.
h5 b4 48. hxg6 hxg6 49. Rg2 Ne7 50. Rc2+ Kb5 51. Ke4 b3 52. Rb2 Kb4 53. Kd4 Ka3
54. Rxb3+ Kxb3 55. e4 g5 56. Ke3 Kc4 57. Kf3 {Game drawn by mutual agreement}
1/2-1/2

[Event "Team 45 45 League T33"]
[Site "Internet Chess Club"]
[Date "2007.05.03"]
[Round "3"]
[White "Allessia"]
[Black "NFork"]
[Result "0-1"]
[WhiteElo "2259"]
[BlackElo "2271"]
[ECO "C07"]
[TimeControl "2700+45"]

1. e4 e6 2. d4 d5 3. Nd2 c5 4. exd5 Qxd5 5. Ndf3 Nc6 6. Ne2 Nf6 7. Be3 Qd8 8. c3
Nd5 9. dxc5 Nxe3 10. Qxd8+ Kxd8 11. fxe3 Bxc5 12. Rd1+ Ke7 13. Ned4 Bd7 14. Bd3
f6 15. Ke2 a6 16. Rhf1 g6 17. Nb3 Ba7 18. h3 Rad8 19. e4 e5 20. Bc4 Be6 21. g4
Bxc4+ {White resigns} 0-1

[Event "Team 45 45 League T33"]
[Site "Internet Chess Club"]
[Date "2007.05.04"]
[Round "3"]
[White "JustinSane"]
[Black "kostasgr"]
[Result "1-0"]
[WhiteElo "2265"]
[BlackElo "2109"]
[ECO "A45"]
[TimeControl "2700+45"]

1. d4 Nf6 2. Bf4 d5 3. e3 Bg4 4. Be2 h5 5. Nf3 Nbd7 6. c4 e6 7. Nc3 Bb4 8. h3
Bf5 9. Qb3 Bxc3+ 10. bxc3 b6 11. cxd5 exd5 12. Ne5 Nxe5 13. Bxe5 c6 14. c4 Be6
15. Qa4 Qd7 16. Bxf6 gxf6 17. Bf3 Rc8 18. cxd5 cxd5 19. Qxd7+ Kxd7 20. h4 Kd6
21. Kd2 Bf5 22. Rhc1 b5 23. Be2 b4 24. Ba6 Rc6 25. Rxc6+ Kxc6 26. Rc1+ Kb6 27.
Bd3 Be6 28. Rc5 a6 29. g3 Rd8 30. Bf1 Bf5 31. Bg2 Be6 32. Bf3 a5 33. Bxh5 a4 34.
Be2 Bd7 35. Rxd5 b3 36. axb3 a3 37. b4 a2 38. Ra5 Be6 39. Kc1 f5 40. Kb2 f4 41.
gxf4 Rg8 42. f5 Bd7 43. Ra6+ Kb7 44. Rxa2 Bxf5 45. Kc3 Rg2 46. Bf3+ {Black
resigns} 1-0

[Event "Team 45 45 League T33"]
[Site "Internet Chess Club"]
[Date "2007.05.06"]
[Round "3"]
[White "mala9"]
[Black "The7thGuest"]
[Result "1-0"]
[WhiteElo "2158"]
[BlackElo "2092"]
[ECO "A13"]
[TimeControl "2700+45"]

1. c4 e6 2. g3 f5 3. Bg2 Nf6 4. Nc3 c6 5. e4 fxe4 6. Nxe4 d5 7. Nxf6+ Qxf6 8.
Nf3 Bd6 9. O-O O-O 10. d4 h6 11. Qe2 Nd7 12. Re1 Re8 13. cxd5 cxd5 14. Bd2 Nb6
15. Ne5 Bxe5 16. dxe5 Qe7 17. b3 Bd7 18. Qg4 Kh8 19. Bf1 Rf8 20. Bb4 Qf7 21.
Bxf8 Rxf8 22. Qd4 Bc6 23. Rac1 Nd7 24. b4 a6 25. Rc3 Qh5 26. Bxa6 Rxf2 27. Qxf2
Nxe5 28. Rxe5 Qxe5 29. Qf8+ Kh7 30. Bd3+ g6 31. Qf7+ Kh8 32. Qxg6 Qe1+ 33. Kg2
{Black resigns} 1-0

[Event "Team 45 45 League T33"]
[Site "Internet Chess Club"]
[Date "2007.05.08"]
[Round "3"]
[White "Gil-galad"]
[Black "Ozgur-Bjk"]
[Result "1/2-1/2"]
[WhiteElo "2073"]
[BlackElo "2150"]
[ECO "D35"]
[TimeControl "2700+45"]

1. d4 d5 2. c4 e6 3. Nc3 Nf6 4. cxd5 exd5 5. Bg5 Be7 6. e3 O-O 7. Bd3 Nbd7 8.
Qc2 c6 9. Nge2 Re8 10. O-O Nf8 11. f3 Be6 12. Rad1 Rc8 13. a3 a5 14. Bh4 Ng6 15.
Bf2 Qc7 16. Kh1 Bd6 17. g3 c5 18. Nb5 Qe7 19. Nxd6 Qxd6 20. Qd2 b6 21. Rfe1 cxd4
22. exd4 Rc7 23. Nc3 Bd7 24. Be3 Rcc8 25. Nb5 Qb8 26. Bg5 Nh5 27. Kg2 h6 28. Be3
Nf6 29. a4 Rc6 30. Rc1 Rec8 31. Bxg6 fxg6 32. Bf4 Rxc1 33. Rxc1 Qa8 34. Nc7 Qb7
35. b3 g5 36. Be5 Rf8 37. Qd3 g4 38. f4 Rf7 39. Nb5 Ne8 40. Qg6 Bf5 41. Qc6 Qxc6
42. Rxc6 Rb7 43. Nc7 Kf7 44. Nxe8 Kxe8 45. Rc7 Rxc7 46. Bxc7 Bc2 47. Bxb6 Bxb3
48. Bxa5 Bxa4 49. h3 gxh3+ 50. Kxh3 Kf7 51. g4 Bc2 52. Kh4 g6 53. Bc7 {Game
drawn by mutual agreement} 1/2-1/2

[Event "Team 45 45 League T33"]
[Site "Internet Chess Club"]
[Date "2007.05.06"]
[Round "3"]
[White "rindetecallaham"]
[Black "Milo"]
[Result "0-1"]
[WhiteElo "2271"]
[BlackElo "2488"]
[ECO "A31"]
[TimeControl "2700+45"]

1. d4 Nf6 2. c4 c5 3. Nf3 cxd4 4. Nxd4 e5 5. Nb5 d5 6. cxd5 Bc5 7. N5c3 O-O 8.
e3 e4 9. Nd2 Qe7 10. Bc4 Rd8 11. O-O Bf5 12. a3 Nbd7 13. b4 Bd6 14. f4 exf3 15.
Nxf3 Ne5 16. Nd4 Bd7 17. Bb5 Neg4 18. Bxd7 Bxh2+ 19. Kh1 Qxd7 20. Bd2 Be5 21.
Rc1 h5 22. Qe1 Nxd5 23. Nxd5 Qxd5 24. Nf3 Rac8 25. e4 Rxc1 26. Bxc1 Qd6 27. Nxe5
Qxe5 28. Bf4 Qb5 29. e5 Re8 30. Qa1 Nxe5 31. a4 Qd5 32. Re1 f6 33. Qb1 Kf7 34.
Rd1 Qc4 35. Bg3 h4 36. Rc1 Qg4 37. Bf2 h3 38. Qb3+ Kg6 39. Rg1 Kh7 40. Bxa7
hxg2+ 41. Rxg2 Qc4 42. Qxc4 Nxc4 43. Rh2+ Kg6 44. Rh4 Ne5 45. a5 Nc6 46. Bb6 Re5
47. Rc4 Rb5 48. Bc5 Kf5 49. Kg2 g5 50. Bf8 Ne5 51. Rd4 Ke6 52. Bc5 Kf7 53. Rd6
Nc4 54. Rd7+ Kg6 55. Rc7 f5 56. Kf3 Nd2+ 57. Ke3 Nb3 58. Bf8 f4+ 59. Kd3 Rf5 60.
Bc5 Nxc5+ 61. Rxc5 Rf7 62. Ke2 g4 63. Kf2 Rd7 64. Rb5 Rd2+ 65. Ke1 Ra2 66. Rb6+
Kf5 67. Rxb7 g3 68. Rf7+ Ke4 {White resigns} 0-1

[Event "Team 45 45 League T33"]
[Site "Internet Chess Club"]
[Date "2007.05.09"]
[Round "3"]
[White "jpitt"]
[Black "DTK"]
[Result "1-0"]
[WhiteElo "2309"]
[BlackElo "2185"]
[ECO "A58"]
[TimeControl "2700+45"]

1. d4 Nf6 2. c4 c5 3. d5 b5 4. cxb5 a6 5. bxa6 g6 6. Nc3 Bxa6 7. g3 d6 8. Bg2
Bg7 9. Nf3 Nbd7 10. Rb1 Nb6 11. b3 O-O 12. O-O Qc7 13. Bb2 Rfb8 14. Re1 Bc8 15.
e4 Bg4 16. h3 Bxf3 17. Qxf3 Nfd7 18. Nb5 Qd8 19. Bxg7 Kxg7 20. Qe2 Ra5 21. a4
Rc8 22. f4 c4 23. Qd2 Rca8 24. Nd4 Nb8 25. e5 cxb3 26. Rxb3 Nxa4 27. exd6 Qxd6
28. Rb7 R5a7 29. Rxa7 Rxa7 30. Nf5+ gxf5 31. Qd4+ Kg6 32. Qxa7 Qc5+ 33. Qxc5
Nxc5 34. Rxe7 Nbd7 35. d6 Nb6 36. Bc6 Kf6 37. g4 fxg4 38. hxg4 Ne6 39. g5+ Kg7
40. Rb7 Nc4 41. d7 Na5 42. Rb6 Nd8 43. Bd5 Kf8 44. Rb5 Nac6 45. Bxc6 Nxc6 46.
Re5 {Black resigns} 1-0

[Event "Team 45 45 League T33"]
[Site "Internet Chess Club"]
[Date "2007.05.04"]
[Round "3"]
[White "Gregorio"]
[Black "Zebbile"]
[Result "1-0"]
[WhiteElo "2108"]
[BlackElo "2105"]
[ECO "B13"]
[TimeControl "2700+45"]

1. e4 c6 2. d4 d5 3. exd5 cxd5 4. c4 Nf6 5. Nc3 Nc6 6. Nf3 Bg4 7. Be2 e6 8. c5
Ne4 9. Qa4 Nxc3 10. bxc3 Qa5 11. Qxa5 Nxa5 12. Bb5+ Kd8 13. Ne5 Bh5 14. g4 f6
15. gxh5 fxe5 16. Rg1 Rg8 17. Rb1 a6 18. Bd3 e4 19. Bf1 Kd7 20. Rb6 Rc8 21. Bf4
Rc6 22. Rb2 Be7 23. Be5 g5 24. hxg6 hxg6 25. Rg4 Rcc8 26. c4 Rcf8 27. cxd5 exd5
28. Rb6 g5 29. Bh3 Kd8 30. Rg3 Nc4 31. Re6 Rf7 32. Rb3 Na5 33. Rxa6 g4 34. Rxa5
Rff8 35. Rxb7 Ke8 36. Ra8+ Kf7 37. Rxe7+ Kxe7 38. Bd6+ Kf7 39. Rxf8+ Rxf8 40.
Bxf8 {Black resigns} 1-0

[Event "Team 45 45 League T33"]
[Site "Internet Chess Club"]
[Date "2007.05.08"]
[Round "3"]
[White "mint-tea"]
[Black "bobhill"]
[Result "0-1"]
[WhiteElo "1832"]
[BlackElo "2056"]
[ECO "D31"]
[TimeControl "2700+45"]

1. d4 d5 2. c4 e6 3. Nc3 Be7 4. Nf3 h6 5. Bf4 Nf6 6. e3 O-O 7. Qc2 Na6 8. O-O-O
Nb4 9. Qb3 a5 10. a3 dxc4 11. Bxc4 Nbd5 12. Be5 c6 13. g4 b5 14. Bxd5 exd5 15.
h3 b4 16. Na4 Ne4 17. Qc2 bxa3 18. bxa3 Bxa3+ 19. Kb1 Ba6 20. Ka1 Bb5 21. Rb1
Bb4 22. Rhc1 Qe7 23. Bf4 Bxa4 24. Qxa4 Nc3 25. Rxc3 Bxc3+ 26. Ka2 c5 27. Rb5
cxd4 28. Nxd4 Bxd4 29. Qxd4 Qe4 30. Qxd5 Qc2+ 31. Rb2 Qa4+ 32. Kb1 Rfd8 33. Qf3
Rd1+ {White resigns} 0-1

[Event "Team 45 45 League T33"]
[Site "Internet Chess Club"]
[Date "2007.05.05"]
[Round "3"]
[White "Guinness"]
[Black "VentasD"]
[Result "1/2-1/2"]
[WhiteElo "2307"]
[BlackElo "2216"]
[ECO "A46"]
[TimeControl "2700+45"]

1. d4 Nf6 2. Nf3 e6 3. Bf4 b6 4. e3 Bb7 5. Nbd2 Bd6 6. Bxd6 cxd6 7. Bd3 d5 8.
O-O Nc6 9. Re1 Rc8 10. c3 Na5 11. e4 dxe4 12. Nxe4 Bxe4 13. Bxe4 Nc4 14. Rb1
Nxe4 15. Rxe4 d5 16. Re2 O-O {Game drawn by mutual agreement} 1/2-1/2

[Event "Team 45 45 League T33"]
[Site "Internet Chess Club"]
[Date "2007.05.04"]
[Round "3"]
[White "gorgon"]
[Black "kingcapture"]
[Result "1-0"]
[WhiteElo "2183"]
[BlackElo "2270"]
[ECO "E73"]
[TimeControl "2700+45"]

1. d4 Nf6 2. c4 g6 3. Nc3 Bg7 4. e4 d6 5. Be2 O-O 6. Bg5 Na6 7. Qc2 e5 8. dxe5
dxe5 9. Nd5 c6 10. Nxf6+ Bxf6 11. Be3 Be6 12. Nf3 Bg7 13. Ng5 Bd7 14. Rd1 h6 15.
Qd2 hxg5 16. Qxd7 Qa5+ 17. Qd2 Qxa2 18. Bxg5 Nc5 19. Be7 Nxe4 20. Qe3 Rfe8 21.
Ba3 Rad8 22. Qxe4 f5 23. Qc2 Rxd1+ 24. Qxd1 Bf6 25. O-O Rd8 26. Qc2 e4 27. c5
Rd4 28. Rc1 Qe6 29. Bc4 Rd5 30. Bxd5 cxd5 31. c6 bxc6 32. Qxc6 Qe5 33. Qd7 Bd8
{Black resigns} 1-0

[Event "Team 45 45 League T33"]
[Site "Internet Chess Club"]
[Date "2007.05.05"]
[Round "3"]
[White "onslaught"]
[Black "WesleyCrusher"]
[Result "1-0"]
[WhiteElo "2221"]
[BlackElo "2060"]
[ECO "E35"]
[TimeControl "2700+45"]

1. d4 Nf6 2. c4 e6 3. Nc3 Bb4 4. Qc2 d5 5. cxd5 exd5 6. Bg5 O-O 7. a3 Be7 8. e3
c6 9. Bd3 h6 10. Bh4 Nbd7 11. Nge2 Re8 12. f3 Nh5 13. Bf2 Bd6 14. g4 Nhf6 15. h4
Nf8 16. g5 Nh5 17. O-O-O b5 18. e4 Nf4 19. Nxf4 Bxf4+ 20. Kb1 h5 21. exd5 cxd5
22. Bxb5 Re6 23. Qf5 Ng6 24. Qxd5 Rd6 25. Qa2 Be6 26. Bc4 Bxc4 27. Qxc4 Rc8 28.
Qd3 Qb6 29. Rhe1 Rb8 30. Re2 Qb3 31. Ne4 Rdb6 32. d5 Ne5 33. Qxb3 Rxb3 34. Bxa7
R8b7 35. Nc5 Rxa7 36. Nxb3 Nc4 37. Re4 {Black resigns} 1-0

[Event "Team 45 45 League T33"]
[Site "Internet Chess Club"]
[Date "2007.05.04"]
[Round "3"]
[White "Amauta"]
[Black "MiroslavR"]
[Result "1/2-1/2"]
[WhiteElo "1922"]
[BlackElo "1978"]
[ECO "C02"]
[TimeControl "2700+45"]

1. e4 e6 2. d4 d5 3. e5 c5 4. Qg4 Qa5+ 5. Bd2 Qb6 6. Bc3 Nh6 7. dxc5 Qxc5 8. Qf4
Nc6 9. Nf3 Be7 10. Bd3 O-O 11. O-O f6 12. exf6 Bxf6 13. Qg3 Bxc3 14. Nxc3 Nb4
15. Nd2 Nf5 16. Qe5 Nxd3 17. cxd3 {Game drawn by mutual agreement} 1/2-1/2

[Event "Team 45 45 League T33"]
[Site "Internet Chess Club"]
[Date "2007.05.03"]
[Round "3"]
[White "f5"]
[Black "Phoenix45"]
[Result "0-1"]
[WhiteElo "2287"]
[BlackElo "2380"]
[ECO "B23"]
[TimeControl "2700+45"]

1. e4 c5 2. Nc3 e6 3. Nge2 Nc6 4. g3 g6 5. Bg2 Bg7 6. O-O Nge7 7. d3 d6 8. Be3
Nd4 9. f4 O-O 10. e5 Nef5 11. Bf2 dxe5 12. fxe5 Bxe5 13. Na4 Qa5 14. c3 Nxe2+
15. Qxe2 Bd6 16. b3 Bd7 17. g4 Ne7 18. Nb2 Qc7 19. h3 Nd5 20. Nc4 Nf4 21. Qd2
Nxg2 22. Nxd6 Qxd6 23. Kxg2 Bc6+ 24. Kg1 Qd5 25. Be3 f5 26. Qh2 fxg4 27. hxg4
Rf3 28. c4 Qxd3 29. Rxf3 Bxf3 30. Qe5 Bxg4 31. Bh6 Qd4+ {White resigns} 0-1

[Event "Team 45 45 League T33"]
[Site "Internet Chess Club"]
[Date "2007.05.08"]
[Round "3"]
[White "HomerSimpson"]
[Black "k009ris"]
[Result "0-1"]
[WhiteElo "2219"]
[BlackElo "2255"]
[ECO "A00"]
[TimeControl "2700+45"]

1. b4 e5 2. Bb2 Bxb4 3. Bxe5 Nf6 4. c3 Be7 5. d4 Nc6 6. Nf3 O-O 7. e3 Nxe5 8.
Nxe5 d6 9. Nf3 Bg4 10. Bd3 d5 11. Nbd2 Bd6 12. O-O Re8 13. Qb1 Rb8 14. c4 dxc4
15. Nxc4 Bxf3 16. Nxd6 Qxd6 17. gxf3 c5 18. dxc5 Qxc5 19. Qb5 Qd6 20. Rfd1 Re5
21. Qc4 Rc5 22. Qh4 Qc6 23. Be4 Qa6 24. Bxh7+ Nxh7 25. Rd8+ Rxd8 26. Qxd8+ Nf8
{White resigns} 0-1

[Event "Team 45 45 League T33"]
[Site "Internet Chess Club"]
[Date "2007.05.07"]
[Round "3"]
[White "OOOoooOOO"]
[Black "Thestorm"]
[Result "1/2-1/2"]
[WhiteElo "2130"]
[BlackElo "2126"]
[ECO "A22"]
[TimeControl "2700+45"]

1. c4 e5 2. Nc3 Nf6 3. g3 Bb4 4. Bg2 O-O 5. Qc2 Re8 6. d3 c6 7. a3 Bxc3+ 8. Qxc3
d5 9. Bg5 d4 10. Qc2 Bf5 11. Be4 Bxe4 12. dxe4 Nbd7 13. Nh3 Nc5 14. Bxf6 Qxf6
15. O-O Qh6 16. Kg2 Qg6 17. f3 Rad8 18. Rad1 Rf8 19. Nf2 Qh5 20. Rfe1 Rd6 21. b4
Ne6 22. c5 Rdd8 23. Qb3 b6 24. cxb6 axb6 25. Rc1 Rc8 26. Nd3 Rc7 27. b5 c5 28.
Qd5 Re8 29. Qxe5 Qh6 30. Qd5 Rd8 31. Qc4 Ra7 32. a4 Rda8 33. Ra1 Qe3 34. Ne5 Qh6
35. Nc6 Rd7 36. Red1 Qe3 37. Qd3 Qg5 38. Qd2 Qh5 39. f4 Nd8 40. Ne5 Rda7 41. Qc2
Ne6 42. Nf3 Nc7 43. Qc4 Ne6 {Game drawn by mutual agreement} 1/2-1/2

[Event "Team 45 45 League T33"]
[Site "Internet Chess Club"]
[Date "2007.05.04"]
[Round "3"]
[White "SpikeyJ"]
[Black "martineden"]
[Result "1-0"]
[WhiteElo "1972"]
[BlackElo "1968"]
[ECO "A15"]
[TimeControl "2700+45"]

1. c4 Nf6 2. g3 c6 3. Bg2 d5 4. Nf3 Bf5 5. cxd5 cxd5 6. Qb3 Qc7 7. Nc3 e6 8. d3
Bc5 9. Bf4 Qb6 10. Qxb6 Bxb6 11. Nb5 O-O 12. Nd6 Ba5+ 13. Nd2 Nbd7 14. Nxf5 exf5
15. O-O Rac8 16. Nb3 Bc7 17. Bd2 Rfe8 18. Rfe1 Be5 19. d4 Bd6 20. f3 Rc2 21.
Rab1 f4 22. Kf2 Nb6 23. Bc3 Na4 24. Rbc1 Rxc1 25. Rxc1 g5 26. Bh3 fxg3+ 27. hxg3
Nh5 28. Bd7 Bxg3+ 29. Kf1 Re7 30. Bxa4 Bf4 31. Re1 Ng3+ 32. Kf2 h5 33. e3 Bd6
34. Nd2 h4 35. Nf1 f5 36. Bd1 Nh5 37. Kg2 Nf6 38. Nh2 Rg7 39. Kh3 Bxh2 40. Kxh2
g4 41. Rg1 Kh7 42. Bc2 Kh8 43. Bxf5 {Black resigns} 1-0

[Event "Team 45 45 League T33"]
[Site "Internet Chess Club"]
[Date "2007.05.06"]
[Round "3"]
[White "iwulu"]
[Black "KingDestroyer"]
[Result "1-0"]
[WhiteElo "2189"]
[BlackElo "2132"]
[ECO "A46"]
[TimeControl "2700+45"]

1. d4 Nf6 2. Nf3 e6 3. Bg5 c5 4. e3 cxd4 5. exd4 Be7 6. Nbd2 Nc6 7. c3 O-O 8.
Bd3 h6 9. Bh4 b6 10. Qe2 Bb7 11. O-O d6 12. Rfe1 Re8 13. Rad1 Qc7 14. h3 Rac8
15. Bg3 Bf8 16. Ne4 Nxe4 17. Qxe4 g6 18. Qg4 h5 19. Qg5 Qe7 20. Qf4 Qd7 21. Bh4
Bg7 22. Bf6 Ne7 23. Bxg7 Kxg7 24. Ng5 Nd5 25. Qg3 b5 26. f4 Ne7 27. Be4 Bxe4 28.
Rxe4 Nf5 29. Qf2 a5 30. d5 exd5 31. Rxd5 Rxe4 32. Nxe4 Qe6 33. Rxf5 Qxf5 34.
Nxd6 Qb1+ 35. Kh2 Rf8 36. Qd4+ Kg8 37. Ne4 Rc8 38. Nf6+ Kf8 39. Nd5 Ke8 40. Qh8+
Kd7 41. Nb6+ Kc7 42. Nxc8 Qf5 43. Qe5+ Qxe5 44. fxe5 Kxc8 45. h4 Kd7 46. Kg3 Ke6
47. Kf4 Kd5 48. b3 Kc6 49. Ke4 Kc5 50. g3 b4 51. c4 a4 52. Ke3 axb3 53. axb3
{Black resigns} 1-0

[Event "Team 45 45 League T33"]
[Site "Internet Chess Club"]
[Date "2007.05.05"]
[Round "3"]
[White "jorobo"]
[Black "SkinnyPuppy"]
[Result "1/2-1/2"]
[WhiteElo "2160"]
[BlackElo "2170"]
[ECO "D31"]
[TimeControl "2700+45"]

1. c4 e6 2. Nc3 d5 3. d4 c6 4. e4 dxe4 5. Nxe4 Nf6 6. Nxf6+ Qxf6 7. Nf3 Nd7 8.
Bd3 Bb4+ 9. Bd2 Bxd2+ 10. Qxd2 O-O 11. O-O e5 12. dxe5 Nxe5 13. Nxe5 Qxe5 14.
Rfe1 Qh5 15. Qf4 Be6 16. Re5 Qh6 17. Qxh6 gxh6 18. Rae1 Rad8 19. R5e3 Rd4 20. b3
Rfd8 21. Bf1 Rd2 22. R3e2 Kf8 23. f3 Ke7 24. Kf2 a5 25. Rxd2 Rxd2+ 26. Re2 Rxe2+
27. Bxe2 Kd6 28. Ke3 Kc5 29. a3 b5 30. cxb5 cxb5 31. Bd1 b4 32. a4 Kd5 33. Bc2
f5 34. f4 h5 35. g3 h6 36. Bd1 Kc5 37. Bc2 Bd5 38. Bd1 h4 39. gxh4 Be4 {Game
drawn by mutual agreement} 1/2-1/2